[Event "*** Titled Tuesday Blitz"]
[Site "Chess.com"]
[Date "2019.11.05"]
[Round "5"]
[White "Bigfish1995"]
[Black "2165149677570"]
[Result "1-0"]
[WhiteElo "3012"]
[BlackElo "2308"]
[TimeControl "180+2"]
[EndTime "14:06:01 PST"]
[Termination "Bigfish1995 won by resignation"]

1. d4 Nf6 2. c4 e6 3. Nc3 Bb4 4. e3 b6 5. Bd3 Bb7 6. Nf3 O-O 7.
O-O c5 8. Na4 d6 9. a3 Ba5 10.
Rb1 Na6 11. d5 e5 12. e4 Bc8 13. b3 Bd7 14. h3 Rb8 15. Nb2 b5 16. cxb5 Bxb5 17.
Bxb5 Rxb5 18. Nc4 Bc7 19. Qd3 Qb8 20. Bg5 Nd7 21. Be7 Re8 22. Bxd6 f6 23. Bxc7 Qxc7 24.
Nd6 c4 25. Nxb5 cxd3 26. Nxc7 Nxc7 27. Rfd1 Nb5 28. Rxd3 Nc5 29. Re3 Nxa3 30. Rc1 Na6 31. Ra1 Nc2 32. Rxa6 Nxe3 33. fxe3 Rb8 34. Rxa7 Rxb3 35.
Kf2 Rb4 36. Nd2 Rb2 37. Ke2 Rb6 38. Nc4 Rb8 39. g4 Rd8 40. h4 h5 41. gxh5 Kh7 42.
d6 Kh6 43. d7 Kxh5 44. Na5 Kxh4 45. Nc6 1-0

[Event "*** Titled Tuesday Blitz"]
[Site "Chess.com"]
[Date "2019.11.05"]
[Round "5"]
[White "Kimster98"]
[Black "HarutyunianTigranK"]
[Result "0-1"]
[WhiteElo "2548"]
[BlackElo "2803"]
[TimeControl "180+2"]
[EndTime "14:06:01 PST"]
[Termination "HarutyunianTigranK won by resignation"]

1. d4 Nf6 2. c4 e6 3. Nf3 d5 4. Nc3 Bb4 5. Bg5 dxc4 6. e4 h6 7. Bxf6 Qxf6 8. Bxc4 c5 9. O-O cxd4 10. Nb5 Qe7 11.
Qxd4 O-O 12. Nxa7 Bc5 13. Nxc8 Rxc8 14. Qd3 Nc6 15. Bb5 Rd8 16. Qe2 Nd4 17. Nxd4 Rxd4 18. Rfd1 Qf6 19. Rxd4 Bxd4 20. a4 Bxb2 21. Rb1 Bd4 22. Rc1 Rd8 23. g3 Bb6 24. Kg2 g5 25. h3 Kg7 26. Kg1 Rd4 27. Rc2 Qe5 28. Rc4 Rxc4 29.
Bxc4 Qxg3+ 30. Kf1 Qxh3+ 31. Ke1 Qc3+ 32. Kf1 Qd4 33. Kg2 h5 34. Bb5 g4 35. Qc2 Qe5 36.
f3 Qf4 37. Qe2 h4 0-1

[Event "*** Titled Tuesday Blitz"]
[Site "Chess.com"]
[Date "2019.11.05"]
[Round "5"]
[White "GHANDEEVAM2003"]
[Black "anesar92"]
[Result "1-0"]
[WhiteElo "2998"]
[BlackElo "2685"]
[TimeControl "180+2"]
[EndTime "14:06:04 PST"]
[Termination "GHANDEEVAM2003 won by resignation"]

1. c4 e5 2. Nc3 Nc6 3. Nf3 f5 4. d4 e4 5. d5 exf3 6. dxc6 fxg2 7. cxd7+ Qxd7 8. Qxd7+ Bxd7 9. Bxg2 O-O-O 10. Be3 a6 11.
O-O-O Nf6 12. Rhg1 Be7 13. Bd4 Rhe8 14. f4 g6 15. Bf3 Be6 16. b3 Nd7 17. Kc2 Bf6 18. Bf2 Nb8 19. Nd5 Bxd5 20. cxd5 c6 21. e4 fxe4 22. Bg4+ Kc7 23. d6+ Rxd6 24. Bb6+ Kxb6 25. Rxd6 Bh4 26. Rgd1 e3 27. Kd3 h5 28. Bf3 Kc7 29. Rxg6 Nd7 30. Rg7 Kc8 31. Ke2 Nc5 32. Bxh5 Ne4 33.
Bxe8 Nc3+ 34. Kxe3 Nxd1+ 35. Kf3 Nc3 36. a4 Nb1 37. Bd7+ Kb8 38. Be6 Nd2+ 39. Kg4 Bd8 40. Rd7 Bc7 41. Rxd2 1-0

[Event "*** Titled Tuesday Blitz"]
[Site "Chess.com"]
[Date "2019.11.05"]
[Round "5"]
[White "arminmusovic"]
[Black "Korchmar_Vasiliy"]
[Result "0-1"]
[WhiteElo "2431"]
[BlackElo "2714"]
[TimeControl "180+2"]
[EndTime "14:06:05 PST"]
[Termination "Korchmar_Vasiliy won by resignation"]

1. a3 c5 2. Nc3 Nc6 3. e4 e6 4. Nf3 d5 5. exd5 exd5 6. Bb5 d4 7. Qe2+ Be7 8. Ne4 Be6 9. O-O Nf6 10. Neg5 Bd5 11.
Re1 h6 12. Nh3 Qc7 13. d3 O-O 14. Nf4 Bxf3 15. Qxf3 Qa5 16. b4 Qxb5 17. Nd5 Nxd5 18. Qxd5 Rad8 19. Qh5 Rfe8 20. Bf4 Bf8 21. h4 Qa4 22.
bxc5 Qxc2 23. Rxe8 Rxe8 24. Bd6 Qxd3 25. Qd5 Qc3 26.
Rd1 Re1+ 27. Rxe1 Qxe1+ 28. Kh2 Bxd6+ 29. cxd6 Qe5+ 30. Qxe5 Nxe5 31. Kg3 Kf8 32. Kf4 f6 33. Ke4 d3 34. Ke3 Nc4+ 35. Kxd3 Nxd6 36. Kd4 Ke8 37. Kd5 Kd7 38. g4 b5 39. f4 Nc4 40. a4 Nb6+ 41.
Ke4 bxa4 42. Kf5 a3 43. Kg6 a2 44. Kxg7 a1=Q 45. Kxh6 Qc1 46. g5 Qxf4 47. Kh5 fxg5 48.
hxg5 Qxg5+ 49. Kxg5 Kc6 50. Kf4 Kb5 51. Ke3 Kb4 52. Kd2 Kb3 53. Kc1 a5 54. Kb1 a4 55.
Kc1 a3 56. Kb1 Nc4 57. Ka1 Ne5 58. Kb1 Nd3 59. Ka1 Nb4 60. Kb1 a2+ 61. Kc1 a1=Q+ 62.
Kd2 Qe5 63. Kd1 Qh2 64. Ke1 Kc3 65. Kf1 Kd3 0-1

[Event "*** Titled Tuesday Blitz"]
[Site "Chess.com"]
[Date "2019.11.05"]
[Round "5"]
[White "GelmanAlexander"]
[Black "StephenDedalus83"]
[Result "1-0"]
[WhiteElo "2512"]
[BlackElo "2796"]
[TimeControl "180+2"]
[EndTime "14:06:05 PST"]
[Termination "GelmanAlexander won by resignation"]

1. e4 c5 2. b4 cxb4 3. a3 bxa3 4. d4 e6 5. Bd3 d5 6. e5 Nc6 7.
c3 Bd7 8. Nxa3 a6 9. Nf3 Nge7 10. Ng5 h6 11. Nh7 Nc8 12. Nxf8 Kxf8 13. O-O g6 14. Nc2 Kg7 15. Ne3 N6e7 16. Ng4 Ng8 17. g3 Na7 18. Re1 Bb5 19. Bb1 Nc8 20. h4 Nb6 21. Qf3 Nc4 22. Ra2 Qe7 23. Kg2 Rc8 24. Bf4 Bd7 25. Bc1 Qf8 26. Nf6 Nxf6 27. exf6+ Kg8 28. h5 g5 29.
Qg4 e5 30. Qxd7 e4 31. Qxd5 Nd6 32. Ba3 Rd8 33. Qe5 Qe8 34. Bxd6 Qxe5 35. Bxe5 1-0

[Event "*** Titled Tuesday Blitz"]
[Site "Chess.com"]
[Date "2019.11.05"]
[Round "5"]
[White "bubacik"]
[Black "Vamostodorecto"]
[Result "1-0"]
[WhiteElo "2670"]
[BlackElo "2436"]
[TimeControl "180+2"]
[EndTime "14:06:08 PST"]
[Termination "bubacik won by resignation"]

1. Nf3 Nf6 2. d4 g6 3. Nc3 d5 4. Bf4 Bg7 5. Qd2 O-O 6. Bh6 c6 7. h4 b5 8. h5 b4 9. Na4 Ne4 10. Qe3 f5 11. hxg6 hxg6 12. Bxg7 f4 13. Qxf4 Rxf4 14. Rh8+ Kxg7 15. Rxd8 Bb7 16. e3 Rf8 17. Rxf8 Kxf8 18. Bd3 Nd7 19. Bxe4 dxe4 20. Ng5 Nf6 21.
Nc5 Bc8 22. Ngxe4 Nxe4 23. Nxe4 Bf5 24. f3 Kf7 25. Kd2 Bxe4 26. fxe4 Rh8 27. a3 b3 28.
c4 Rh2 29. Rf1+ Ke6 30. Rf2 g5 31. Kc3 g4 32. Kxb3 g3 33. Rc2 Rh1 34. d5+ Kd6 35.
c5+ Kd7 36. Kc4 Rf1 37. dxc6+ Kxc6 38. b4 Rf2 39. b5+ Kb7 40. Kd3 Kc7 41. a4 Kb7 42. a5 Kc7 43. Rxf2 gxf2 44. Ke2 1-0

[Event "*** Titled Tuesday Blitz"]
[Site "Chess.com"]
[Date "2019.11.05"]
[Round "5"]
[White "mikhaillushenkov"]
[Black "amiralfio"]
[Result "1-0"]
[WhiteElo "2707"]
[BlackElo "2450"]
[TimeControl "180+2"]
[EndTime "14:06:09 PST"]
[Termination "mikhaillushenkov won by resignation"]

1. Nf3 g6 2. e4 Bg7 3. d4 d6 4. c4 Nd7 5. Nc3 e6 6. Bd3 h6 7.
Be3 Ne7 8. h4 a6 9. Qd2 b6 10.
h5 g5 11. d5 e5 12. Nh2 Nc5 13. g4 Bd7 14. Bc2 a5 15. f3 Qc8 16. Nf1 Qa6 17.
b3 f6 18. Ng3 O-O 19. O-O Qc8 20. Qe2 Rd8 21. Kg2 Bf8 22. Rab1 Qb7 23. a3 Ra7 24.
Rb2 Rda8 25. Rfb1 Qc8 26. Qd1 Qe8 27. Nf1 a4 28. b4 Nb3 29. Ne2 Nc8 30. Nd2 b5 31.
cxb5 Rb7 32. Nc3 Bxb5 33. Nxb5 Qxb5 34. Nxb3 axb3 35. Rxb3 Nb6 36. Bd3 Nc4 37. Bf2 c6 38. dxc6 Rc7 39. Bxc4+ Qxc4 40. Qd5+ Qxd5 41. exd5 1-0

[Event "*** Titled Tuesday Blitz"]
[Site "Chess.com"]
[Date "2019.11.05"]
[Round "5"]
[White "Galileo22"]
[Black "Bathory44"]
[Result "0-1"]
[WhiteElo "2420"]
[BlackElo "2609"]
[TimeControl "180+2"]
[EndTime "14:06:12 PST"]
[Termination "Bathory44 won on time"]

1. Nf3 Nf6 2. d4 g6 3. e3 Bg7 4.
Be2 O-O 5. O-O d6 6. c4 Nbd7 7. Nc3 e5 8. b4 a5 9. b5 Re8 10.
Qc2 e4 11. Nd2 Qe7 12. Ba3 Nf8 13. Rac1 Bf5 14. c5 d5 15. Qb2 c6 16. Na4 h5 17.
Nb3 N8h7 18. Qd2 Ng4 19. Qe1 Qc7 20. g3 Ng5 21. Nd2 h4 22. Qd1 Nh3+ 23. Kg2 Nhxf2 24. Qb3 Nxh2 25. Rxf2 Qxg3+ 26. Kh1 Qxf2 27. Nc3 Nf3 0-1

[Event "*** Titled Tuesday Blitz"]
[Site "Chess.com"]
[Date "2019.11.05"]
[Round "5"]
[White "Nazar-Nazar"]
[Black "Walter_White_Poland"]
[Result "1-0"]
[WhiteElo "2500"]
[BlackElo "2311"]
[TimeControl "180+2"]
[EndTime "14:06:19 PST"]
[Termination "Nazar-Nazar won by resignation"]

1. d4 Nf6 2. Nf3 c5 3. d5 e6 4. c4 exd5 5. cxd5 d6 6. Nc3 g6 7.
h3 Bg7 8. e4 O-O 9. Bd3 b5 10.
Bxb5 Nxe4 11. Nxe4 Qa5+ 12. Nfd2 Qxb5 13. Nxd6 Qa6 14. N2c4 Nd7 15. O-O Ne5 16. Nxc8 Nxc4 17. Ne7+ Kh8 18. Nc6 Nxb2 19. Bxb2 Bxb2 20. Rb1 Bg7 21. Rc1 Qb6 22. Qf3 Rac8 23. Rfd1 Bd4 24. Nxd4 cxd4 25. Rxc8 Rxc8 26. Qxf7 Qd6 27. Qxa7 Qxd5 28.
Rxd4 Rc1+ 29. Kh2 Qe5+ 30. f4 Qe8 31. Rd7 Qg8 32. Qd4+ 1-0

[Event "*** Titled Tuesday Blitz"]
[Site "Chess.com"]
[Date "2019.11.05"]
[Round "5"]
[White "kinga2008"]
[Black "joshdaruca"]
[Result "0-1"]
[WhiteElo "1952"]
[BlackElo "2693"]
[TimeControl "180+2"]
[EndTime "14:06:22 PST"]
[Termination "joshdaruca won on time"]

1. e4 c5 2. a3 b6 3. b4 Bb7 4. bxc5 bxc5 5. d3 Nc6 6. Nc3 Nd4 7. Be3 g6 8. Nf3 Bg7 9. Rb1 Bc6 10. Bxd4 cxd4 11.
Ne2 e5 12. Qd2 Ne7 13. Qb4 O-O 14. g3 Rb8 15. Qxb8 Qxb8 16. Rxb8 Rxb8 17. Nd2 Rb2 18. Kd1 Ra2 19. Nc1 Rxa3 20. Be2 a5 21. Rf1 a4 22. f4 Ra1 23. Nc4 exf4 24. gxf4 f5 25. exf5 Nxf5 26. Kd2 Bf8 27. Bg4 Bb4+ 28. Ke2 Bd5 29. Nb6 Be6 30. Bxf5 gxf5 31. Nc8 a3 32. Na7 Bc3 33. Nb5 Bb2 34. Kd2 a2 35. Rg1+ Kf8 36.
Re1 Bxc1+ 0-1

[Event "*** Titled Tuesday Blitz"]
[Site "Chess.com"]
[Date "2019.11.05"]
[Round "5"]
[White "enriquetejedor"]
[Black "NemtsevIgor"]
[Result "0-1"]
[WhiteElo "2491"]
[BlackElo "2289"]
[TimeControl "180+2"]
[EndTime "14:06:22 PST"]
[Termination "NemtsevIgor won on time"]

1. e4 c6 2. Nc3 d5 3. d4 h6 4. Nf3 Nf6 5. e5 Ne4 6. Bd3 Bf5 7. O-O Nxc3 8. bxc3 Bxd3 9. cxd3 e6 10.
Rb1 b6 11. a4 Be7 12. Ne1 O-O 13. f4 c5 14. g4 cxd4 15. cxd4 Nc6 16. Be3 f5 17. Kh1 fxg4 18. Qxg4 Rf5 19. Ng2 Qf8 20. Rbc1 Rc8 21. Rf2 Nb4 22. Rd1 Qf7 23. h3 h5 24.
Qe2 Qg6 25. Rg1 Rc2 26. Qf1 Qg3 27. Rf3 Qg6 28. Nh4 Qf7 0-1

[Event "*** Titled Tuesday Blitz"]
[Site "Chess.com"]
[Date "2019.11.05"]
[Round "5"]
[White "ehrenfeld"]
[Black "Darhild"]
[Result "1-0"]
[WhiteElo "2533"]
[BlackElo "2687"]
[TimeControl "180+2"]
[EndTime "14:06:23 PST"]
[Termination "ehrenfeld won by resignation"]

1. e4 c5 2. Nf3 d6 3. Bc4 Nc6 4. O-O g6 5. h3 Bg7 6. Nc3 e6 7. d4 Nxd4 8. Nxd4 cxd4 9. Nb5 Ne7 10. Nxd4 a6 11. Bb3 O-O 12. Bg5 h6 13. Bh4 g5 14.
Bg3 Ng6 15. Qd2 Be5 16. Rad1 Qf6 17. Ne2 Bd7 18. f4 gxf4 19. Nxf4 Qg5 20. Nxg6 Bxg3 21. Nxf8 Rxf8 22. Rf3 Be5 23. Rd3 Qg6 24. Rxd6 Bxd6 25. Qxd6 Bc6 26. Rd3 e5 27. Qxg6+ 1-0

[Event "*** Titled Tuesday Blitz"]
[Site "Chess.com"]
[Date "2019.11.05"]
[Round "5"]
[White "champ2005"]
[Black "zim0ne"]
[Result "1-0"]
[WhiteElo "2918"]
[BlackElo "2626"]
[TimeControl "180+2"]
[EndTime "14:06:25 PST"]
[Termination "champ2005 won by resignation"]

1. c4 g6 2. Nc3 f5 3. h4 Nf6 4. h5 Nxh5 5. Rxh5 gxh5 6. e4 Bg7 7. Qxh5+ Kf8 8. Qxf5+ Kg8 9. d4 e6 10. Qg4 Qf6 11.
Nf3 Qg6 12. Qh4 Nc6 13. Be3 d6 14. O-O-O Bd7 15. Bd3 e5 16. dxe5 Nxe5 17. Nxe5 Bxe5 18. Nd5 Qg7 19. Bh6 Qg4 20. Qh1 c6 21. Ne3 Qg6 22.
f4 Bd4 23. Nf5 Bxf5 24. exf5 Qf6 25. Bg5 Bxb2+ 26. Kb1 Qg7 27. c5 d5 28. Re1 Ba3 29. f6 Qf8 30. Re7 Qd8 31. Bxh7+ 1-0

[Event "*** Titled Tuesday Blitz"]
[Site "Chess.com"]
[Date "2019.11.05"]
[Round "5"]
[White "Keaton87"]
[Black "coolthing"]
[Result "1-0"]
[WhiteElo "2574"]
[BlackElo "2360"]
[TimeControl "180+2"]
[EndTime "14:06:28 PST"]
[Termination "Keaton87 won by checkmate"]

1. d4 Nf6 2. Bg5 g6 3. Bxf6 exf6 4. e3 Bg7 5. g3 O-O 6. Bg2 d5 7. Ne2 c6 8. O-O f5 9. Nd2 Nd7 10. c4 Nf6 11. Rc1 Be6 12. Nf4 Ne4 13. cxd5 cxd5 14.
Nxe4 fxe4 15. Qb3 Qd7 16. Rc3 Rac8 17. Rfc1 g5 18. Nxe6 fxe6 19. Bh3 Rc6 20. Qb5 Qf7 21.
Qe2 Rfc8 22. Qg4 Rf8 23. Qe2 Qd7 24. Rxc6 bxc6 25. Qg4 Rf6 26. Qxg5 Qb7 27. b3 h6 28. Qh5 Qa6 29. Qe8+ Kh7 30. Bxe6 Qe2 31. Bg8+ Kh8 32.
Bf7+ Kh7 33. Qg8# 1-0

[Event "*** Titled Tuesday Blitz"]
[Site "Chess.com"]
[Date "2019.11.05"]
[Round "5"]
[White "Gubajdullin"]
[Black "BIG_Pirate"]
[Result "0-1"]
[WhiteElo "2584"]
[BlackElo "2438"]
[TimeControl "180+2"]
[EndTime "14:06:30 PST"]
[Termination "BIG_Pirate won on time"]

1. d4 d5 2. Bf4 Nf6 3. e3 c5 4. c3 Qb6 5. Qb3 Nc6 6. Qxb6 axb6 7. Nf3 Bf5 8. a3 h6 9. Be2 e6 10. O-O c4 11. Nbd2 b5 12. Ne5 Be7 13. Nxc6 bxc6 14. Nf3 O-O 15. Ne5 Rfc8 16. h3 Ra7 17. Rfe1 Ne4 18. Bh2 Nd2 19. f3 Nb3 20. Rad1 Bc2 21. e4 Bxd1 22. Bxd1 Bh4 23. Re2 Nc1 24. Rc2 Nb3 25. g3 Be7 26. Ng4 c5 27. dxc5 Bxc5+ 28.
Kg2 d4 29. cxd4 Nxd4 30. Rd2 Nc6 31. f4 c3 32. bxc3 Rxa3 33. Rc2 Rca8 0-1

[Event "*** Titled Tuesday Blitz"]
[Site "Chess.com"]
[Date "2019.11.05"]
[Round "5"]
[White "Marcus_Harvey"]
[Black "ferdipy"]
[Result "1-0"]
[WhiteElo "2631"]
[BlackElo "2216"]
[TimeControl "180+2"]
[EndTime "14:06:30 PST"]
[Termination "Marcus_Harvey won on time"]

1. Nf3 Nf6 2. b3 e6 3. Bb2 Be7 4. g3 O-O 5. Bg2 c5 6. O-O Nc6 7. c4 b6 8. d4 cxd4 9. Nxd4 Bb7 10. Nb5 d6 11. Ba3 Ne8 12. N1c3 a6 13. Nd4 Rc8 14.
Rc1 Qc7 15. Nd5 Qd8 16. Nxe7+ Qxe7 17. Qd2 Ne5 18. Rfd1 Bxg2 19. Kxg2 Qb7+ 20. f3 Rd8 21. Qf4 Ng6 22. Qe3 Nf6 23. Nc2 Qc6 24. Nb4 Qb7 25.
Nd3 Rfe8 26. Bb2 d5 27. Bxf6 gxf6 28. Nf4 Nxf4+ 29. Qxf4 Qe7 30. Rd4 f5 31. Qh6 dxc4 32. Rh4 f6 33. Rcxc4 Rd7 34. Rc6 Qb4 35. Rxb4 1-0

[Event "*** Titled Tuesday Blitz"]
[Site "Chess.com"]
[Date "2019.11.05"]
[Round "5"]
[White "LawrenceTrent"]
[Black "NZT72"]
[Result "1-0"]
[WhiteElo "2698"]
[BlackElo "2499"]
[TimeControl "180+2"]
[EndTime "14:06:32 PST"]
[Termination "LawrenceTrent won on time"]

1. e4 c5 2. Nf3 Nc6 3. Bb5 g6 4. O-O Bg7 5. Re1 e5 6. c3 Nge7 7. d4 cxd4 8. cxd4 exd4 9. Bf4 d6 10. Nxd4 O-O 11. Bxc6 bxc6 12. Nc3 d5 13. exd5 cxd5 14. Qd2 Nf5 15. Be5 Bh6 16. Qd3 f6 17. Bg3 Nxg3 18.
hxg3 Qa5 19. Nc6 Qa6 20. Qxa6 Bxa6 21. Nxd5 Bb7 22. Rad1 Kh8 23. Nde7 Bg7 24. Na5 Ba6 25. Rd6 Bb5 26. b3 f5 27. Rc1 Rad8 28. Rcd1 Rxd6 29. Rxd6 Bc3 30. Nac6 a5 31. a4 Be2 32. Nd5 Bb2 33. Nf4 1-0

[Event "*** Titled Tuesday Blitz"]
[Site "Chess.com"]
[Date "2019.11.05"]
[Round "5"]
[White "Alopekos"]
[Black "swisspower96"]
[Result "0-1"]
[WhiteElo "2478"]
[BlackElo "2708"]
[TimeControl "180+2"]
[EndTime "14:06:37 PST"]
[Termination "swisspower96 won by resignation"]

1. e4 e6 2. d4 d5 3. Nc3 Bb4 4. e5 c5 5. a3 Bxc3+ 6. bxc3 Ne7 7. Qg4 cxd4 8. Qxg7 Rg8 9. Qxh7 Qc7 10. Ne2 Nbc6 11. f4 dxc3 12. Rg1 b6 13. g4 Bb7 14. Rg3 d4 15. h4 O-O-O 16. Qxf7 Kb8 17. Bh3 Bc8 18.
h5 Rh8 19. g5 Rdf8 20. Qg7 Rfg8 21. Qf7 Nd8 22. Qf6 Rf8 23. Qg7 Rfg8 24. Qf6 Nd5 25. Qxh8 Rxh8 26. h6 Nc6 27. Bg2 Nde7 28. Be4 Nf5 29.
Rh3 Nce7 30. a4 Bb7 31. Bd3 Qc6 32. Rh2 Qf3 33. Ba3 Ne3 34. Rf2 Qh1+ 0-1

[Event "*** Titled Tuesday Blitz"]
[Site "Chess.com"]
[Date "2019.11.05"]
[Round "5"]
[White "NoGalloNoParty"]
[Black "WinningButNotReally"]
[Result "0-1"]
[WhiteElo "2297"]
[BlackElo "2428"]
[TimeControl "180+2"]
[EndTime "14:06:37 PST"]
[Termination "WinningButNotReally won by resignation"]

1. d4 Nf6 2. Nf3 g6 3. c4 Bg7 4. g3 O-O 5. Bg2 d5 6. cxd5 Nxd5 7. O-O Nb6 8. e3 Nc6 9. Qe2 e5 10. dxe5 Nxe5 11. Nxe5 Bxe5 12. e4 Be6 13. Rd1 Qe7 14. Nc3 Bg7 15. Be3 c6 16. Rac1 Rfd8 17. Qc2 Nc4 18.
Rxd8+ Rxd8 19. Bxa7 b6 20. Nd5 cxd5 21. exd5 Bxd5 22.
Bxd5 Rxd5 23. Qxc4 Rc5 24. Qxc5 bxc5 25. Bxc5 Qb7 26.
b4 h5 27. h4 Qa6 28. Rc2 Qd3 29. Rc1 Qd2 30. Rb1 Qxa2 31. Re1 Qa4 32. Re7 Bf8 33. Re3 Bxc5 34. bxc5 Qd1+ 35. Kh2 Qd5 36. Rc3 Qd2 37. Rf3 Qc2 38. Rf4 Qxc5 39. Kg2 Kg7 40.
Kg1 f6 41. Rf3 Qd5 42. Re3 Kh6 43. Kf1 Qh1+ 44. Ke2 g5 45. hxg5+ fxg5 46. Re6+ Kg7 47. Re5 Kf6 48. Re3 h4 49. gxh4 gxh4 0-1

[Event "*** Titled Tuesday Blitz"]
[Site "Chess.com"]
[Date "2019.11.05"]
[Round "5"]
[White "Azatic"]
[Black "Ceejay271"]
[Result "0-1"]
[WhiteElo "2625"]
[BlackElo "2372"]
[TimeControl "180+2"]
[EndTime "14:06:48 PST"]
[Termination "Ceejay271 won by checkmate"]

1. e4 c5 2. Nf3 d6 3. d4 cxd4 4.
Nxd4 Nf6 5. Nc3 Nc6 6. Bg5 Bd7 7.
Qd2 h6 8. Bxf6 gxf6 9. O-O-O Nxd4 10. Qxd4 Qa5 11. Kb1 Rc8 12. f4 Bg7 13. f5 Qc5 14.
Qd2 h5 15. Bd3 Bh6 16. Qe2 h4 17. Bb5 Bxb5 18. Nxb5 Bf4 19. Nc3 Be5 20. Nd5 e6 21.
fxe6 fxe6 22. Ne3 Qb4 23. c4 b5 24. a3 Qb3 25. cxb5 Rb8 26. Ng4 Qxb5 27. Qxb5+ Rxb5 28.
Nxe5 Rxe5 29. Rxd6 Rxe4 30. Rhd1 O-O 31. Rxe6 Rxe6 32.
Rd4 Re2 33. Rg4+ Kf7 34. Rxh4 Rxg2 35. Rh7+ Rg7 36. Rh4 Rb8 37. Ra4 Ke6 38. Ra6+ Ke5 39. Ra4 f5 40. Ra5+ Ke4 41. Ra4+ Ke3 42. Rc4 f4 43. Rc3+ Kf2 44. Rc2+ Kg1 45. h4 f3 46.
h5 f2 47. h6 f1=Q+ 48. Ka2 Qf7+ 49. Ka1 Qf1+ 50. Ka2 Rh7 51. b4 Rxh6 52. Kb3 Qd1 53. Kb2 Qxc2+ 54. Kxc2 Rh3 55. Kb2 a5 56. Kc2 axb4 57. axb4 Rxb4 58. Kd2 Ra4 59. Kc1 Rf3 60. Kb1 Rf2 61. Kc1 Ra1# 0-1

[Event "*** Titled Tuesday Blitz"]
[Site "Chess.com"]
[Date "2019.11.05"]
[Round "5"]
[White "Ginger_GM"]
[Black "ExploringChess"]
[Result "0-1"]
[WhiteElo "2484"]
[BlackElo "2719"]
[TimeControl "180+2"]
[EndTime "14:06:48 PST"]
[Termination "ExploringChess won by resignation"]

1. e4 e6 2. Nf3 d5 3. e5 c5 4.
b4 cxb4 5. d4 Nc6 6. a3 Bd7 7.
axb4 Bxb4+ 8. c3 Be7 9. Bd3 f6 10. O-O Nh6 11. Bxh6 gxh6 12. Nh4 Bc8 13. Qh5+ Kd7 14.
c4 Qe8 15. Qxh6 Qf8 16. Qd2 fxe5 17. cxd5 exd5 18. Nf5 e4 19. Nxe7 Kxe7 20. Nc3 exd3 21. Nxd5+ Kd8 22. Qg5+ Ne7 23. Rfe1 Rg8 24. Qe5 Rxg2+ 25.
Kxg2 Qg8+ 26. Kf3 Qxd5+ 27. Qxd5+ Nxd5 28. Rad1 Nb4 29. Rg1 Bd7 30. Rg8+ Be8 31. Rdg1 Rc8 32. Ke3 Rc2 33. d5 Re2+ 34. Kd4 d2 35. Rd1 Kc7 36.
Kc3 Nxd5+ 37. Kd3 Nf4+ 38. Kc3 Nd5+ 39. Kd3 Bb5+ 40. Kd4 Ba4 41. Rg7+ Ne7 0-1

[Event "*** Titled Tuesday Blitz"]
[Site "Chess.com"]
[Date "2019.11.05"]
[Round "5"]
[White "Shield12"]
[Black "cool4chess"]
[Result "1-0"]
[WhiteElo "2808"]
[BlackElo "2559"]
[TimeControl "180+2"]
[EndTime "14:06:50 PST"]
[Termination "Shield12 won by resignation"]

1. e4 e5 2. Nf3 Nc6 3. Nc3 Nf6 4. Bb5 Nd4 5. Bc4 Bc5 6. d3 d6 7. h3 h6 8. Na4 b5 9. Nxc5 bxc4 10. Na4 Nxf3+ 11. Qxf3 cxd3 12. Qxd3 O-O 13. Nc3 a5 14. Be3 Ba6 15. Qd2 Rb8 16. O-O-O Rb4 17. f3 Qb8 18. b3 a4 19. Nxa4 Rxa4 20. bxa4 Bc4 21. a3 Qb7 22. Qb4 Qa6 23. a5 Nd7 24. Qc3 Rb8 25.
Kd2 d5 26. exd5 Bxd5 27. Rb1 Ra8 28. Qxc7 Be6 29. Rhd1 Rc8 30. Qa7 Qc4 31. Ke1 Qxc2 32. Rbc1 Qxg2 33. Rxc8+ Kh7 34. Rxd7 Qh1+ 35. Ke2 Qxh3 36.
Rcc7 Qg2+ 37. Bf2 e4 38. Qe3 exf3+ 39. Kd2 Qg4 40. Rxf7 Bxf7 41. Rxf7 Qg6 42. Rxf3 Qd6+ 43. Qd3+ 1-0

[Event "*** Titled Tuesday Blitz"]
[Site "Chess.com"]
[Date "2019.11.05"]
[Round "5"]
[White "MartinZumsande"]
[Black "Niklas2304"]
[Result "1-0"]
[WhiteElo "2563"]
[BlackElo "2336"]
[TimeControl "180+2"]
[EndTime "14:06:53 PST"]
[Termination "MartinZumsande won by resignation"]

1. e4 c5 2. c3 Nf6 3. e5 Nd5 4. d4 cxd4 5. cxd4 d6 6. Bc4 Nb6 7. Bb5+ Bd7 8. e6 fxe6 9. Bd3 g6 10. h4 Nd5 11. h5 Qa5+ 12. Bd2 Nb4 13. Kf1 Bb5 14. Be2 Qb6 15. hxg6 Bxe2+ 16. Nxe2 N8c6 17.
Rxh7 Rg8 18. Bxb4 Qxb4 19. Qc2 Nxd4 20. Nxd4 Qxd4 21. Nc3 Rc8 22. Rd1 Qc4+ 23. Kg1 Bg7 24. Rd3 b5 25. Rf3 b4 26. Qa4+ Rc6 27. Rh4 Qc5 28.
Rxb4 Kd7 29. Rb7+ Kc8 30. Rxa7 Bd4 31. Ra8+ Kb7 32. Rxg8 Rb6 33. Qa8+ Kc7 1-0

[Event "*** Titled Tuesday Blitz"]
[Site "Chess.com"]
[Date "2019.11.05"]
[Round "5"]
[White "davigator"]
[Black "marianokar"]
[Result "0-1"]
[WhiteElo "2303"]
[BlackElo "2476"]
[TimeControl "180+2"]
[EndTime "14:06:54 PST"]
[Termination "marianokar won by resignation"]

1. e4 c5 2. Nf3 e6 3. d4 cxd4 4. Nxd4 Nc6 5. Nc3 a6 6. Be3 Nf6 7. a3 Qc7 8. f4 d6 9. Qd2 Be7 10. O-O-O Bd7 11. Be2 b5 12. Bxb5 axb5 13. Ndxb5 Qb8 14.
Nxd6+ Bxd6 15. Qxd6 Qxd6 16. Rxd6 O-O 17. e5 Ng4 18. Bc5 Nb8 19. Rhd1 Rc8 20. Bg1 Be8 21. h3 Nh6 22. g4 Kf8 23. Ne4 Bc6 24. Ng5 Ke8 25.
Nxh7 Be4 26. Ng5 Bxc2 27. R1d2 Be4+ 28. Kd1 Bd5 29. f5 Ke7 30. fxe6 fxe6 31. Be3 Nd7 32.
Bd4 Rc6 33. Rxc6 Bxc6 34. Ke2 Rc8 35. Bc3 Bd5 36. Bb4+ Ke8 37. Ke3 Nxe5 38. Bc3 Nc4+ 39. Ke2 Nxd2 40. Kxd2 Nf7 41. Nxf7 Kxf7 42. b4 Rh8 43. b5 Rxh3 44. a4 Be4 45. Be5 Ra3 0-1

[Event "*** Titled Tuesday Blitz"]
[Site "Chess.com"]
[Date "2019.11.05"]
[Round "5"]
[White "TomasKapitanchuk"]
[Black "GM_shahin"]
[Result "0-1"]
[WhiteElo "2511"]
[BlackElo "2740"]
[TimeControl "180+2"]
[EndTime "14:06:58 PST"]
[Termination "GM_shahin won by resignation"]

1. e4 c5 2. Nf3 Nc6 3. Bb5 e6 4. O-O Nge7 5. Re1 a6 6. Bf1 d5 7. d3 g6 8. h4 h6 9. Bf4 Bg7 10.
c3 e5 11. exd5 Qxd5 12. Bh2 Bg4 13. Nbd2 O-O 14. Qa4 Bd7 15. Qb3 Rfe8 16. Nc4 f6 17. Nb6 Qxb3 18. axb3 Rad8 19. Na4 Bc8 20. Nxc5 a5 21. Nd2 b6 22. Na4 Nd5 23. Rad1 Bf8 24. c4 Ndb4 25. Ne4 Re6 26. Nxb6 Nc2 27. Nxc8 Nxe1 28. Rxe1 Rxc8 29. h5 f5 30. Ng3 Nd4 31. hxg6 Bb4 32. Rd1 Rxg6 33. Nh5 f4 34. Re1 Bxe1 0-1

[Event "*** Titled Tuesday Blitz"]
[Site "Chess.com"]
[Date "2019.11.05"]
[Round "5"]
[White "Bishops83"]
[Black "novocane"]
[Result "1-0"]
[WhiteElo "2272"]
[BlackElo "2161"]
[TimeControl "180+2"]
[EndTime "14:06:58 PST"]
[Termination "Bishops83 won by resignation"]

1. e4 c5 2. Nf3 Nc6 3. Bb5 Nf6 4. Nc3 g6 5. h3 d6 6. O-O Bg7 7. e5 dxe5 8. Nxe5 Bd7 9. Nxc6 Bxc6 10. Bxc6+ bxc6 11. Qf3 Nd5 12. Ne4 Qb6 13. d3 O-O 14. Rb1 Rfe8 15.
Bg5 f6 16. Be3 Nxe3 17. Qxe3 f5 18. Nxc5 e5 19. b4 Rad8 20. Rfe1 e4 21. dxe4 Bd4 22. Qb3+ Kh8 23. exf5 Bxc5 24. bxc5 Qxc5 25. fxg6 hxg6 26. Rbd1 Qf5 27. Rxd8 Rxd8 28. Qe6 Rd2 29. Qe8+ 1-0

[Event "*** Titled Tuesday Blitz"]
[Site "Chess.com"]
[Date "2019.11.05"]
[Round "5"]
[White "rasmussvane"]
[Black "RitvarsReimanis"]
[Result "1-0"]
[WhiteElo "2836"]
[BlackElo "2604"]
[TimeControl "180+2"]
[EndTime "14:06:59 PST"]
[Termination "rasmussvane won on time"]

1. Nf3 Nf6 2. g3 e6 3. Bg2 d5 4. O-O Be7 5. c4 O-O 6. b3 Nbd7 7. Bb2 b6 8. e3 Bb7 9. Nc3 c5 10. Qe2 Rc8 11. Rad1 Qc7 12. Nh4 dxc4 13. bxc4 Bxg2 14. Nxg2 Qc6 15. f4 Rfd8 16. g4 Ne4 17. Nb5 Qa8 18. d3 a6 19. Na3 Nd6 20. f5 exf5 21. gxf5 Bf6 22. Nf4 Bxb2 23. Qxb2 Nxf5 24. Nh5 g6 25.
Rxf5 gxh5 26. Rg5+ Kf8 27. Rf1 Ke7 28. Rg7 Rf8 29. Nb1 Rc6 30. Nc3 Rg6+ 31. Rxg6 hxg6 32. Nd5+ Kd8 33. Qg7 Qc6 34. Rxf7 Rxf7 35. Qxf7 Qd6 36. Qg8+ Nf8 37. e4 Ke8 38. Qg7 b5 39. e5 1-0